[Event "Snabbschacks-SM 2025"]
[Site "Norrköping, Sweden"]
[Date "2025.09.28"]
[Round "6.10"]
[White "Dolata, Henryk"]
[Black "Ostling, Hakan"]
[Result "0-1"]
[TimeControl "25 min + 10 sec/move"]
[WhiteElo "1943"]
[BlackElo "2117"]

1. e4 g6 2. d4 Bg7 3. Nc3 d6 4. Be2 Nf6 5. Be3 a6 6. a4 b6 7. f4 e6 8. Bf3 Bb7 9. Nge2 Nbd7 10.
O-O e5 11. fxe5 dxe5 12. d5 O-O 13. Qd2 Ne8 14. g3 Nd6 15. Rad1 Nc4 16. Qc1 Nxe3 17. Qxe3 Qe7 18. Kh1 Qc5 19.
Qxc5 Nxc5 20. d6 c6 21. b4 Ne6 22. Bg4 Nd4 23. Nxd4 exd4 24. Ne2 c5 25. Bf3 Rad8 26. bxc5 bxc5 27. c3 Rxd6 28. cxd4 cxd4 29. Nf4 Re8 30. Rfe1 f5 31. Kg2 fxe4 32. Bg4 h5 33. Be2 Rc8 34.
Kh3 Rc2 35. g4 d3 36. Bf1 Bc8 37. Kg3 Bxg4 38. Rb1 g5 39. Ng2 Be5+ 0-1

[Event "Snabbschacks-SM 2025"]
[Site "Norrköping, Sweden"]
[Date "2025.09.28"]
[Round "8.6"]
[White "Rogoz, Vladyslav"]
[Black "Lindh, Fredrik"]
[Result "0-1"]
[TimeControl "25 min + 10 sec/move"]
[BlackTitle "FM"]
[WhiteElo "2108"]
[BlackElo "2249"]

1. d4 d5 2. c4 c6 3. Nf3 Nf6 4. g3 Bf5 5. Bg2 e6 6. O-O h6 7. Qb3 Qb6 8. c5 Qxb3 9. axb3 Bxb1 10.
Rxb1 Nbd7 11. b4 Ne4 12. Ra1 g5 13. Ne5 Bg7 14. f3 Nef6 15. Nd3 a6 16. e4 dxe4 17. fxe4 Rd8 18. h3 Nh5 19. d5 Nxg3 20. Re1 O-O 21.
d6 Ne5 22. Nxe5 Bxe5 23. Bf3 Kg7 24. Ra3 Kg6 25. Kg2 Nh5 26. Bxh5+ Kxh5 27. Rf3 Kg6 28. Re2 Ra8 29. Ra3 Rfb8 30.
Be3 f6 31. Rd2 Kf7 32. Bd4 Bf4 33. Rf2 e5 34. Bc3 Ke6 35. Kf3 h5 36. Bd2 b6 37. Bxf4 exf4 38. Rc2 bxc5 39. bxc5 a5 40.
b3 Rb4 41. Rc4 Rxc4 42. bxc4 a4 43. Ke2 Ra5 44. Kd3 Rxc5 45. d7 Kxd7 46. Rxa4 g4 47. h4 g3 48. Ke2 f5 49. exf5 Rxf5 50. Kf3 Kd6 51. Ra8 Rf7 52. Rg8 Kc5 53.
Rg6 Rf5 54. Rh6 Kxc4 55. Rxc6+ Kd4 56. Rd6+ Ke5 57. Rg6 Kd5 58. Rg8 Ke6 59. Ra8 Kf6 60. Ra6+ Kg7 61. Ra7+ Kg6 62. Ra6+ Rf6 63.
Ra5 Kh6 64. Rg5 Rg6 65. Kxf4 g2 0-1

[ePGN "0.1;DGT LiveChess/2.2.7"]

[Event "Snabbschacks-SM 2025"]
[Site "Norrköping, Sweden"]
[Date "2025.09.28"]
[Round "7.1"]
[White "Lilliehook, Victor"]
[Black "Muntean, Victor"]
[Result "0-1"]
[TimeControl "25 min + 10 sec/move"]
[WhiteElo "2136"]
[BlackElo "2151"]

1. e4 e5 2. Nf3 Nc6 3. d4 exd4 4. Nxd4 Nf6 5. Nxc6 bxc6 6. e5 Qe7 7. Qe2 Nd5 8. c4 Ba6 9. Nd2 Nf4 10. Qe4 Ng6 11. f4 f6 12.
exf6 gxf6 13. Qxe7+ Bxe7 14. Nf3 Bb4+ 15. Kd1 d5 16. Nd4 Bb7 17. cxd5 O-O-O 18. Kc2 cxd5 19. g3 c5 20. Ne6 Rd6 21.
a3 d4 22. axb4 Bxh1 23. Nxc5 Kb8 24. b5 Rc8 25. b4 Ne7 26. Bd2 f5 27. Kb2 Nd5 28. Bh3 Be4 29. Nxe4 fxe4 30. Bxc8 Kxc8 31.
Ra6 Rxa6 32. bxa6 e3 33. Be1 d3 34. f5 d2 35.
Bxd2 exd2 36. Kc2 Nxb4+ 37. Kxd2 Nxa6 38. g4 Nc5 39.
h4 Kd7 40. g5 Kd6 41. g6 h6 42. Ke3 Ke7 43. Kd4 Nd7 44. g7 Kf7 45. Kd5 Kxg7 46. Ke6 Nf6 47. Kd6 a5 48. Kc5 Ng4 49.
Kb5 Kf6 50. Kxa5 Kxf5 51. Kb4 Nf6 52.
Kc3 Kg4 53. Kd2 Kxh4 54. Ke2 Kg3 55. Kf1 h5 56. Kg1 h4 57. Kh1 h3 58. Kg1 Ng4 59.
Kh1 Nf2+ 0-1

[Event "Snabbschacks-SM 2025"]
[Site "Norrköping, Sweden"]
[Date "2025.09.28"]
[Round "7.2"]
[White "Carlsson, Ludvig"]
[Black "Smith, Axel"]
[Result "1-0"]
[TimeControl "25 min + 10 sec/move"]
[WhiteTitle "IM"]
[BlackTitle "GM"]
[WhiteElo "2389"]
[BlackElo "2431"]

1. e4 c5 2. Nf3 e6 3. Be2 Nc6 4. O-O Nf6 5. Nc3 d5 6. exd5 Nxd5 7. d4 cxd4 8. Nxd4 Nxc3 9. bxc3 Be7 10.
Bf4 Nxd4 11. cxd4 Bf6 12. c3 Bd7 13. Bf3 Bc6 14. Rb1 Qd7 15. Bxc6 Qxc6 16. d5 Qxd5 17. Qxd5 exd5 18. Rfe1+ Kf8 19.
Bd6+ Kg8 20. Rxb7 g5 21. Rd1 Rc8 22. Bc7 Kg7 23. Rxd5 Rhe8 24. g3 Re7 25. Rc5 a6 26. Ra7 h6 27.
Kg2 Re6 28. h3 Kg6 29. a4 Bd8 30. Kf3 Be7 31. Rc4 Bd6 32. g4 Rf6+ 33. Kg2 Bxc7 34. Raxc7 Rxc7 35. Rxc7 Rf4 36. Rc6+ f6 37. a5 Ra4 38. Rxa6 Rc4 39. Re6 Rxc3 40. Re3 Rc6 41. Ra3 Ra6 42. Kf3 Kf7 43. Ke4 Ke6 44. f3 f5+ 45.
gxf5+ Kf6 46. f4 Ra8 47. fxg5+ hxg5 48. a6 Re8+ 49. Kd5 Kxf5 50. a7 Ra8 51. Kc6 g4 52. hxg4+ Kxg4 53. Kb7 Rh8 54.
a8=Q Rxa8 55. Rxa8 1-0

[Event "Snabbschacks-SM 2025"]
[Site "Norrköping, Sweden"]
[Date "2025.09.28"]
[Round "8.8"]
[White "Olsson, Simon"]
[Black "Eriksson, Kristian"]
[Result "1/2-1/2"]
[TimeControl "25 min + 10 sec/move"]
[WhiteElo "2068"]
[BlackElo "2033"]

1. d4 e6 2. c4 Nf6 3. Nc3 Bb4 4. a3 Bxc3+ 5. bxc3 c5 6. e3 O-O 7. Bd3 Nc6 8. Ne2 b6 9. e4 d6 10. O-O Ba6 11. Bg5 h6 12.
Bh4 g5 13. Bg3 e5 14. Qa4 Bb7 15. f3 Qd7 16. Qc2 Qe7 17. Bf2 Bc8 18. Be3 Nh7 19. d5 Na5 20. Ng3 f6 21. Kf2 Rf7 22.
Rh1 Nf8 23. Nf5 Bxf5 24. exf5 Rh7 25. h4 Nd7 26. Rae1 Qg7 27. g4 Kf7 28. Bc1 Re8 1/2-1/2

[Event "Snabbschacks-SM 2025"]
[Site "Norrköping, Sweden"]
[Date "2025.09.28"]
[Round "7.3"]
[White "Lindh, Fredrik"]
[Black "Livner, Anders"]
[Result "0-1"]
[TimeControl "25 min + 10 sec/move"]
[WhiteTitle "FM"]
[BlackTitle "FM"]
[WhiteElo "2249"]
[BlackElo "2292"]

1. e4 c6 2. d4 d5 3. e5 Bf5 4. Nd2 e6 5. Nb3 c5 6. dxc5 Bxc5 7. Bb5+ Nc6 8. Bxc6+ bxc6 9. Nxc5 Qa5+ 10.
c3 Qxc5 11. Ne2 Qb6 12. Nd4 Ne7 13. b4 O-O 14. g4 Be4 15. f3 Bg6 16. Bg5 Rae8 17. Be3 c5 18. Nb3 Qc7 19. Nxc5 Qxe5 20.
Qd4 Qc7 21. O-O Nc6 22. Qd2 f6 23. f4 Bf7 24. Nb3 Rd8 25. Bc5 Rfe8 26. Qf2 Rd7 27. Nd4 Nxd4 28. cxd4 Bg6 29. f5 exf5 30.
gxf5 Bh5 31. Rae1 Re4 32. Rxe4 dxe4 33. Re1 Qb7 34. Qf4 h6 35. Rxe4 Bf7 36. a4 a6 37. Qe3 Qd5 38. Qf4 Kh7 39. Re2 Qb3 40. Qg3 Qb1+ 41. Re1 Qxf5 42. b5 axb5 43. axb5 Bd5 44. Bf8 Bb7 45. Bc5 Rd5 46.
Re7 Qb1+ 47. Re1 Qxb5 48. h4 Qc4 49. Re7 Qc1+ 50. Re1 Qc2 51. Re7 Qb1+ 52. Kh2 Rg5 53. Re1 Qc2+ 0-1

[Event "Snabbschacks-SM 2025"]
[Site "Norrköping, Sweden"]
[Date "2025.09.28"]
[Round "8.9"]
[White "Stenman, Christoffer"]
[Black "Ask, Josef"]
[Result "0-1"]
[TimeControl "25 min + 10 sec/move"]
[BlackTitle "FM"]
[WhiteElo "2004"]
[BlackElo "2047"]

1. e4 g5 2. d4 h6 3. Nc3 Bg7 4. Bc4 Nc6 5. Be3 d6 6. Nge2 Nf6 7. f3 a6 8. a3 b5 9. Ba2 e5 10.
d5 Ne7 11. h4 g4 12. f4 exf4 13. Nxf4 Ng6 14. Nxg6 fxg6 15. Bd4 g3 16. Qf3 O-O 17. Qxg3 Kh7 18. O-O-O Rb8 19. Rde1 b4 20.
axb4 Rxb4 21. Qd3 Rxd4 22. Qxd4 Ng4 23. e5 dxe5 24. Qc4 Bf5 25. h5 Qg5+ 26. Kb1 Ne3 27. hxg6+ Bxg6 28. Rxe3 Qxe3 29.
d6 cxd6 30. Nd5 Qf2 31. Rd1 Qxg2 32.
Ne7 d5 33. Qxa6 Qxc2+ 0-1

[Event "Snabbschacks-SM 2025"]
[Site "Norrköping, Sweden"]
[Date "2025.09.28"]
[Round "7.4"]
[White "Grahn, Vidar"]
[Black "Rogoz, Vladyslav"]
[Result "1-0"]
[TimeControl "25 min + 10 sec/move"]
[WhiteTitle "FM"]
[WhiteElo "2236"]
[BlackElo "2108"]

1. g3 g6 2. Bg2 Bg7 3. d4 d5 4. c4 c6 5. Nf3 Nf6 6. O-O O-O 7. Nc3 Ne4 8. Bf4 Nxc3 9. bxc3 Nd7 10.
cxd5 cxd5 11. Qb3 Nb6 12. Ne5 Bf5 13. a4 f6 14. Nd3 Bxd3 15. exd3 e5 16. Be3 exd4 17. Bxd4 f5 18. a5 Bxd4 19. cxd4 Nd7 20. Qxd5+ Kg7 21. Qxb7 Qe7 22. Rac1 Rfb8 23.
Qa6 Qf6 24. Qxf6+ Kxf6 25. Rc7 Ke6 26. Re1+ Kd6 27. Rc6# 1-0

[Event "Snabbschacks-SM 2025"]
[Site "Norrköping, Sweden"]
[Date "2025.09.28"]
[Round "8.10"]
[White "Bohman Karlholm, Adrian"]
[Black "Dingertz, Filip"]
[Result "1-0"]
[TimeControl "25 min + 10 sec/move"]
[WhiteElo "2102"]
[BlackElo "2049"]

1. d4 d5 2. c4 e6 3. Nc3 Nf6 4. cxd5 exd5 5. Bg5 Be7 6. e3 O-O 7. Bd3 c6 8. Qc2 Nbd7 9. Nge2 Re8 10.
O-O Nf8 11. Rae1 a6 12. f3 c5 13. Kh1 c4 14. Bf5 g6 15. Bxc8 Rxc8 16. Nf4 N8d7 17. e4 dxe4 18. fxe4 Ng4 19.
Bxe7 Qxe7 20. Qe2 h5 21. e5 Qd8 22. Ne4 Ndxe5 23. dxe5 Rxe5 24. h3 f5 25. hxg4 hxg4 26. Nf6+ 1-0

[Event "Snabbschacks-SM 2025"]
[Site "Norrköping, Sweden"]
[Date "2025.09.28"]
[Round "7.5"]
[White "Wernberg, Hugo"]
[Black "Olsson, Linus"]
[Result "1-0"]
[TimeControl "25 min + 10 sec/move"]
[WhiteTitle "FM"]
[BlackTitle "FM"]
[WhiteElo "2285"]
[BlackElo "2166"]

1. g3 g6 2. Bg2 Bg7 3. e4 c5 4. Ne2 Nc6 5. c3 e5 6. f4 d6 7. d3 Nge7 8. Nd2 O-O 9. O-O f5 10. Nf3 h6 11. Be3 exf4 12.
gxf4 Kh7 13. Qe1 c4 14. dxc4 fxe4 15. Nd2 Nf5 16. Ng3 d5 17. cxd5 Qxd5 18. Ndxe4 Qd3 19. Bc5 Rg8 20. Qd1 Qb5 21.
Qb3 Qxb3 22. axb3 Be6 23. b4 a6 24. Rfe1 Bb3 25. Nxf5 gxf5 26. Ng3 Bf6 27. Bh3 Bc2 28. Re2 Be4 29.
Rd1 Rad8 30. Red2 Rxd2 31. Rxd2 Bh4 32. Rd7+ Kh8 33. Kf2 b5 34. Rd6 Kh7 35. Bxf5+ Bxf5 36. Rxc6 Rg6 37. Bd6 Bd3 38. Rxa6 Re6 39. Ra7+ Kg6 40.
Be5 Bc4 41. Rg7# 1-0

[ePGN "0.1;DGT LiveChess/2.2.7"]

[Event "Snabbschacks-SM 2025"]
[Site "Norrköping, Sweden"]
[Date "2025.09.28"]
[Round "9.1"]
[White "Carlsson, Ludvig"]
[Black "Muntean, Victor"]
[Result "1/2-1/2"]
[TimeControl "25 min + 10 sec/move"]
[WhiteTitle "IM"]
[WhiteElo "2389"]
[BlackElo "2151"]

1. Nf3 Nf6 2. c4 g6 3. Nc3 Bg7 4. d4 O-O 5. Bg5 h6 6. Bh4 d6 7. e3 Nbd7 8. Be2 c6 9. Qc2 Qc7 10.
O-O e5 11. Rfd1 Re8 12. dxe5 dxe5 13. Nd2 Nf8 14. Rac1 Bf5 15. Bd3 Bxd3 16. Qxd3 Rad8 17. Qc2 Rd7 18. h3 g5 19. Bg3 Ng6 20.
Bh2 Red8 21. Nf1 Rxd1 22. Rxd1 Rxd1 23. Qxd1 Qd7 24. b3 Qxd1 25. Nxd1 Ne4 26. f3 Nc5 27. Nf2 f5 28. Nd2 f4 29.
e4 Bf8 30. Kf1 Ne6 31. Nd3 c5 32.
Bg1 b6 33. Bf2 Bd6 34. Nb1 Kf7 35. Nc3 Ne7 36. Nb5 Bb8 37. Ke2 Nc6 38. Kd2 h5 39. Nc3 h4 40. Nd5 Bd6 41. Kc3 Ned4 42.
Bxd4 exd4+ 43. Kc2 Ke6 44. Nf2 Ne5 45. Kd2 Kf7 46. Ke2 Ke6 47. Nd1 Be7 48. Nc7+ Kd7 49. Nb5 a6 50. Na3 Kc6 51. Nb2 b5 52. Nc2 b4 53. Ne1 a5 54. Kd2 Kd6 55. Kc2 Ke6 56. Nd1 Kd6 57.
Nf2 Ke6 58. Ng4 Nxg4 59. fxg4 Bf6 60. Nf3 Be7 61. Kd3 Bf6 62. e5 Be7 63. Ke4 Bd8 64. Ne1 Be7 65. Nd3 Bf8 66.
Nb2 Be7 67. Na4 Bf8 68. Nb6 Bg7 69.
Na4 Bf8 70. Nb2 Be7 71. Nd3 Bf8 72. Kf3 Be7 73. Kf2 Bf8 74. Ke2 Be7 75. Kd1 Bf8 76. a3 Be7 77. Kd2 Bf8 78. axb4 axb4 79. Ke2 Be7 80. Kf3 Bf8 81. Ke4 Be7 82. Ne1 Bd8 83. Nf3 Be7 84. Kd3 Bd8 85. Nd2 Kxe5 86.
Nf3+ Kf6 87. Ke4 Ke6 88. Ne1 Be7 89. Nd3 Bd6 90. Kf3 Kf7 91. Kf2 Kf6 92. Ke2 Ke6 93. Kf3 Be7 94. Ke4 Bd6 95. Ne1 Be7 96. Nf3 Bf6 97.
Ne1 Be7 98. Nd3 Bd6 99. Kf3 Kf7 100. Ke2 Ke6 101. g3 fxg3 102. Kf1 Be7 103. Kg2 Bd6 104. Kf3 Be7 105. Ne1 Ke5 106.
Nd3+ Ke6 107. Ke2 Bd6 108. Kf1 Be7 109. Kg2 1/2-1/2

[Event "Snabbschacks-SM 2025"]
[Site "Norrköping, Sweden"]
[Date "2025.09.28"]
[Round "7.6"]
[White "Religa, Marek"]
[Black "Nilsson, Oliver"]
[Result "1-0"]
[TimeControl "25 min + 10 sec/move"]
[WhiteElo "2207"]
[BlackElo "2078"]

1. e4 c5 2. Nf3 e6 3. d3 Nc6 4. Nbd2 d6 5. g3 Nf6 6. Bg2 Be7 7. O-O O-O 8. Re1 Qc7 9. c3 Bd7 10. Nf1 Rac8 11. Ne3 b5 12. g4 Ne5 13. g5 Nfg4 14. Nxe5 Nxe3 15. Rxe3 dxe5 16. Qh5 g6 17. Qh4 f6 18.
Rh3 Rf7 19. f4 fxg5 20. fxg5 Rcf8 21. Be3 b4 22. c4 Qd6 23. Rd1 Qa6 24. Ra1 Qd6 25.
Rf1 Rxf1+ 26. Bxf1 Rxf1+ 27. Kxf1 Qxd3+ 28. Kf2 h5 29. Qg3 Qxe4 30. Rh4 Qc2+ 31. Ke1 Qb1+ 32. Ke2 Qxb2+ 33. Bd2 a5 34. Re4 Qc2 35. Qd3 Qxd3+ 36. Kxd3 Bd6 37. Re1 Bc6 38.
h4 e4+ 39. Kc2 Be5 40. Be3 Bd4 41. Bxd4 cxd4 42. Rf1 Kg7 43.
Rf6 Bd7 44. c5 e3 45. c6 Bxc6 46. Rxe6 Bb5 47. Kd1 a4 48. Rb6 Bf1 49.
Rxb4 d3 50. Re4 e2+ 51. Kd2 Kf7 52. Rxa4 Ke6 53. Rb4 Kf5 54. a4 Bg2 55. a5 Ke5 56. a6 Kd6 57. Rd4+ Kc5 58. Rxd3 Kb6 59.
Rd6+ Ka7 60. Rxg6 1-0

[Event "Snabbschacks-SM 2025"]
[Site "Norrköping, Sweden"]
[Date "2025.09.28"]
[Round "9.2"]
[White "Smith, Axel"]
[Black "Grahn, Vidar"]
[Result "1/2-1/2"]
[TimeControl "25 min + 10 sec/move"]
[WhiteTitle "GM"]
[BlackTitle "FM"]
[WhiteElo "2431"]
[BlackElo "2236"]

1. c4 c6 2. e4 d5 3. exd5 cxd5 4. d4 Nf6 5. Nc3 g6 6.
Qb3 Bg7 7. cxd5 O-O 8. Be2 Ne8 9. Nf3 b6 10. Ne5 Nd6 11. Be3 Nf5 12. O-O-O Nxe3 13. fxe3 Bxe5 14. dxe5 Nd7 15. e6 fxe6 16. dxe6 Nc5 17. Qc4 Qc7 18. Nd5 Qb7 19. Qh4 Bxe6 20.
Nxe7+ Kg7 21. Rhf1 Bxa2 22. Qd4+ Kh6 23. Qh4+ Kg7 24. Qd4+ Kh6 25. Ng8+ Bxg8 26. Qh4+ Kg7 27. Qd4+ Kh6 28.
Qh4+ Kg7 29. Qd4+ Kh6 1/2-1/2

[ePGN "0.1;DGT LiveChess/2.2.7"]

[Event "Snabbschacks-SM 2025"]
[Site "Norrköping, Sweden"]
[Date "2025.09.28"]
[Round "6.1"]
[White "Muntean, Victor"]
[Black "Grahn, Vidar"]
[Result "1-0"]
[TimeControl "25 min + 10 sec/move"]
[BlackTitle "FM"]
[WhiteElo "2151"]
[BlackElo "2236"]

1. e4 c5 2. c3 Nf6 3. e5 Nd5 4. Nf3 d6 5. Na3 e6 6. g3 dxe5 7. Nxe5 Nd7 8. Nxd7 Bxd7 9. Bg2 Be7 10.
O-O O-O 11. Re1 Bf6 12. Nc2 Bc6 13. d4 c4 14. Ne3 Nxe3 15. fxe3 Bxg2 16. Kxg2 e5 17. Qf3 Qe7 18. dxe5 Bxe5 19.
e4 Rad8 20. Be3 a6 21. Rad1 b5 22. Rd5 Rfe8 23. Red1 Bf6 24. Rxd8 Rxd8 25. Bd4 Bxd4 26. cxd4 Qb4 27. Qc3 Qa4 28. Ra1 Rc8 29. a3 a5 30.
Rc1 b4 31. Qd3 Qc6 32. d5 Qc5 33. axb4 axb4 34. d6 c3 35. d7 Rd8 36. bxc3 Qc6 37. Qd5 Qc7 38. Qb5 bxc3 39. Qb4 Qxd7 40.
Qxc3 h5 41. h4 Qg4 42. Qe3 Ra8 43. Rc2 Ra1 44. Qe2 Qg6 45. Rc8+ Kh7 46. Rc5 Kg8 47. Rxh5 Qe6 48. Rd5 Ra4 49. Rd8+ Kh7 50. Qh5+ Qh6 51. Qxf7 Ra6 52. h5 Qf6 53.
Qg8+ Kh6 54. Qh8+ Kg5 55. Rd5+ Kg4 56. Qc8+ Re6 57. Rf5 Qb2+ 58. Rf2 Qe5 59. Rf4+ Kxh5 60. Rf5+ 1-0

[Event "Snabbschacks-SM 2025"]
[Site "Norrköping, Sweden"]
[Date "2025.09.28"]
[Round "9.3"]
[White "Religa, Marek"]
[Black "Lindh, Fredrik"]
[Result "1/2-1/2"]
[TimeControl "25 min + 10 sec/move"]
[BlackTitle "FM"]
[WhiteElo "2207"]
[BlackElo "2249"]

1. c4 c6 2. e4 d5 3. exd5 cxd5 4. cxd5 Nf6 5. Nc3 Nxd5 6. Nf3 Nc6 7. Bc4 Nb6 8. Bb3 g6 9. d4 Bg7 10.
d5 Na5 11. O-O O-O 12. h3 Bf5 13.
Re1 Rc8 14. Bg5 Re8 15. g4 Nac4 16. Re2 Nxb2 17. Rxb2 Bxc3 18. Re2 Bd3 19. Re3 Bxa1 20. Rxd3 Bf6 21. d6 Bxg5 22. Bxf7+ Kxf7 23. Nxg5+ Kg8 24. d7 Nxd7 25. Rxd7 Qb6 26. Qd5+ e6 27.
Qxb7 Qxb7 28. Rxb7 h6 29. Nf7 Rb8 30. Nxh6+ Kh8 31. Rxa7 Ra8 32. Rd7 Rxa2 33. Nf7+ Kg8 34. Nh6+ Kh8 35. g5 Rf8 36. Nf7+ Kg8 37.
Nh6+ Kh8 38. Nf7+ Kg8 39. Nh6+ Kh8 1/2-1/2

[Event "Snabbschacks-SM 2025"]
[Site "Norrköping, Sweden"]
[Date "2025.09.28"]
[Round "6.2"]
[White "Smith, Axel"]
[Black "Religa, Marek"]
[Result "1-0"]
[TimeControl "25 min + 10 sec/move"]
[WhiteTitle "GM"]
[WhiteElo "2431"]
[BlackElo "2207"]

1. e4 g6 2. d4 Bg7 3. Nc3 d6 4.
f4 Nf6 5. Nf3 O-O 6. e5 dxe5 7. fxe5 Nd5 8. Bc4 Nxc3 9. bxc3 c5 10. O-O Nc6 11. Ng5 e6 12. Be3 Ne7 13. Ne4 cxd4 14. cxd4 Nf5 15. Bf2 Bd7 16. g4 Nh4 17. Be3 h6 18.
Nf6+ Kh8 19. Qd2 Rc8 20. Bb3 Bc6 21. Bxh6 Nf3+ 22. Rxf3 Bxf3 23. Rf1 Bxg4 24. Nxg4 Qh4 25. Bxg7+ Kxg7 26. Qf4 b5 27. Rf3 b4 28. Kg2 Rc3 29. Qf6+ Qxf6 30. exf6+ Kh7 31. Rxc3 bxc3 32. Kf3 g5 33. Ne5 Rh8 34. d5 exd5 35. Bxd5 Re8 36. Ke4 Rd8 37. Bxf7 Rd2 38. Bb3 Rd8 39. Kf5 a5 40. Kxg5 1-0

[Event "Snabbschacks-SM 2025"]
[Site "Norrköping, Sweden"]
[Date "2025.09.28"]
[Round "7.8"]
[White "Ostling, Hakan"]
[Black "Jonsson, Krister"]
[Result "1-0"]
[TimeControl "25 min + 10 sec/move"]
[WhiteElo "2117"]
[BlackElo "2022"]

1. f4 d5 2. Nf3 Nf6 3. g3 g6 4. Bg2 Bg7 5. O-O O-O 6. d3 c5 7. Nc3 Nc6 8. e4 d4 9. Ne2 b6 10. h3 Bb7 11. g4 Qc7 12. Qe1 Nb4 13. Nexd4 cxd4 14. Qxb4 Qxc2 15. Qxe7 Rab8 16. Qa3 Rfd8 17. Ne1 Qc7 18.
Bd2 a6 19. Rc1 Qd7 20. Nf3 Ne8 21.
Ng5 h6 22. Nf3 Nd6 23. Qb3 Ba8 24. Ne5 Qb5 25. Qxb5 Nxb5 26. Nc6 Bxc6 27.
Rxc6 Na7 28. Rc2 Rdc8 29. Rfc1 Kf8 30. Bb4+ Ke8 31.
e5 Rxc2 32. Rxc2 Kd7 33. Bd5 g5 34. Bxf7 gxf4 1-0

[Event "Snabbschacks-SM 2025"]
[Site "Norrköping, Sweden"]
[Date "2025.09.28"]
[Round "6.3"]
[White "Livner, Anders"]
[Black "Wernberg, Hugo"]
[Result "1/2-1/2"]
[TimeControl "25 min + 10 sec/move"]
[WhiteTitle "FM"]
[BlackTitle "FM"]
[WhiteElo "2292"]
[BlackElo "2285"]

1. Nf3 d5 2. g3 c5 3. Bg2 g6 4. c4 dxc4 5. Na3 Bg7 6. Nxc4 Nc6 7. O-O Nf6 8. d3 Nd5 9. Qb3 b6 10.
Nce5 Nxe5 11. Nxe5 Bb7 12. Qb5+ Kf8 13. Nd7+ Kg8 14. Nxc5 Nc7 15. Nxb7 Nxb5 16. Nxd8 Rxd8 17. Be3 Nd4 18. Bxd4 Bxd4 19. Rac1 Rd7 20.
b4 Kg7 21. Rc2 Bf6 22. Rb1 Rhd8 23. Be4 Be5 24. Kg2 Rc7 25. Rxc7 Bxc7 26. Rc1 Bd6 27. a3 a5 28. bxa5 bxa5 29.
a4 Rb8 30. Kf3 Rb4 31. Bc6 h5 32. h4 Rd4 33. Bb5 Rd5 34. Rc6 Rf5+ 35. Kg2 Rc5 36. Ra6 Rc2 37. Kf3 Bb4 38. Bc4 Rc1 39.
Ra8 Ra1 40. Bb5 Rf1 41. Kg2 Re1 42. Kf3 Rf1 43. Kg2 Re1 44. Kf3 1/2-1/2

[Event "Snabbschacks-SM 2025"]
[Site "Norrköping, Sweden"]
[Date "2025.09.28"]
[Round "7.9"]
[White "Bjorklund, Thomas"]
[Black "Odell Johansson, Leo"]
[Result "1-0"]
[TimeControl "25 min + 10 sec/move"]
[WhiteElo "2103"]
[BlackElo "2025"]

1. e4 c5 2. c3 Nf6 3. e5 Nd5 4. d4 cxd4 5. cxd4 d6 6.
exd6 e6 7. Nc3 Bxd6 8. Nf3 O-O 9. Bd3 h6 10. O-O Nc6 11. Re1 Nf4 12. Bf1 b6 13. g3 Nd5 14. Bg2 Bb7 15. Nxd5 exd5 16.
Qb3 Na5 17. Qd3 Rc8 18. b3 Bb4 19. Bd2 Nc6 20. Rac1 Ba3 21. Rc2 Nb4 22. Bxb4 Bxb4 23. Rec1 Rxc2 24. Qxc2 Qf6 25. Ne5 Qd6 26. Qc7 f6 27. Qxb7 fxe5 28.
Qxd5+ Kh8 29. Qxe5 Qxe5 30. dxe5 Bc5 31. Rc2 Rf5 32. Re2 Kg8 33. Bd5+ Kf8 34. Kg2 g5 35. Bc4 Ke7 36. e6 Rf6 37. f3 Ba3 38. Rd2 Bd6 39. a4 Rf5 40. Rd3 Re5 41. Kf1 a6 42. h3 b5 43.
axb5 axb5 44. Bd5 Bb4 45. Kf2 Kd6 46.
f4 Rxd5 47. e7 Rxd3 48. e8=Q Rxb3 49. Qd8+ Kc5 50. fxg5 hxg5 51. Qxg5+ Kc4 52. Qg8+ Kc3 53. h4 Bc5+ 54. Kg2 b4 55. h5 Rb2+ 56. Kh3 Bd4 57.
h6 b3 58. h7 Rb1 59. Kg2 Rb2+ 60. Kh1 Rb1+ 61. Kh2 b2 62. Qd5 Rd1 63. Qa5+ Kc2 64. Qa4+ 1-0

[Event "Snabbschacks-SM 2025"]
[Site "Norrköping, Sweden"]
[Date "2025.09.28"]
[Round "9.5"]
[White "Ask, Josef"]
[Black "Wernberg, Hugo"]
[Result "0-1"]
[TimeControl "25 min + 10 sec/move"]
[WhiteTitle "FM"]
[BlackTitle "FM"]
[WhiteElo "2047"]
[BlackElo "2285"]

1. g4 d5 2. h3 e5 3. d4 exd4 4. Nf3 Bb4+ 5. c3 dxc3 6. Nxc3 Ne7 7. Bg2 O-O 8. O-O b6 9. Qc2 Bb7 10.
Ng5 Ng6 11. Rd1 c6 12. e4 h6 13. exd5 Qc8 14. Ne6 fxe6 15. Qxg6 Rf6 16. Qh5 exd5 17. Re1 Na6 18. Be3 Bc5 19.
Bxc5 Nxc5 20. Re7 Qf8 21. Rxb7 Nxb7 22. Nxd5 cxd5 23. Bxd5+ Kh8 24. Bxb7 Re8 25. Rc1 Re2 26. f3 Rxf3 27.
g5 Rfe3 28. Qh4 Qd6 29. Bg2 Rxg2+ 30. Kxg2 Qd2+ 31. Qf2 Re2 32. Rc8+ Kh7 33. g6+ Kxg6 0-1

[Event "Snabbschacks-SM 2025"]
[Site "Norrköping, Sweden"]
[Date "2025.09.28"]
[Round "6.4"]
[White "Olsson, Linus"]
[Black "Lilliehook, Victor"]
[Result "0-1"]
[TimeControl "25 min + 10 sec/move"]
[WhiteTitle "FM"]
[WhiteElo "2166"]
[BlackElo "2136"]

1. d4 d5 2. c4 e6 3. Nf3 Nf6 4.
g3 dxc4 5. Bg2 Bb4+ 6. Bd2 a5 7. Na3 Bxa3 8. bxa3 b5 9. Qc2 Bb7 10. a4 Be4 11. Qc1 c6 12. axb5 cxb5 13. a4 b4 14.
Qxc4 O-O 15. O-O Nc6 16. e3 Rb8 17. Bc1 b3 18. Bb2 Nb4 19. Ne5 Bc2 20. Rfe1 Nd7 21. Nc6 Rc8 22. Qxb4 Rxc6 23.
Qb5 Rc8 24. e4 Nb6 25. Bf1 Ra8 26. Bd3 Qc7 27. Rec1 Rfc8 28. Ra3 Nc4 29. Rxb3 Bxd3 30. Rxd3 Rab8 31. Rdc3 Rxb5 32. axb5 a4 33.
Rxc4 Qxc4 34. Rxc4 Rxc4 35. Kf1 Rb4 36. Ba3 Rxb5 37. Ke2 Rb3 38. Bc5 a3 39. d5 exd5 40. exd5 a2 41. Bd4 Rb5 0-1

[Event "Snabbschacks-SM 2025"]
[Site "Norrköping, Sweden"]
[Date "2025.09.28"]
[Round "7.10"]
[White "Dingertz, Filip"]
[Black "Olsson, Simon"]
[Result "1/2-1/2"]
[TimeControl "25 min + 10 sec/move"]
[WhiteElo "2049"]
[BlackElo "2068"]

1. Nf3 d5 2. e3 Nf6 3.
b3 g6 4.
Bb2 Bg7 5. c4 c6 6. Nc3 O-O 7. Be2 Nbd7 8. d4 Re8 9. O-O Ne4 10. Nxe4 dxe4 11. Ng5 Nf6 12. f3 exf3 13. Bxf3 h6 14. Ne4 Nxe4 15. Bxe4 f5 16. Bc2 e6 17. Qf3 Qc7 18.
e4 Bd7 19. Rad1 Rad8 20. g4 Rf8 21. exf5 exf5 22. gxf5 Bxf5 23. Bxf5 Rxf5 24. Qe4 Rdf8 25. Rxf5 Rxf5 26. Rf1 Rxf1+ 27. Kxf1 Qxh2 28. Qxg6 Qxb2 29. Qe8+ Kh7 30. Qe4+ Kg8 31. Qe8+ Bf8 32. Qe6+ Kh8 33. Qe5+ Bg7 34. Qe8+ Kh7 35.
Qe4+ Kg8 1/2-1/2

[Event "Snabbschacks-SM 2025"]
[Site "Norrköping, Sweden"]
[Date "2025.09.28"]
[Round "9.6"]
[White "Angskog, Kent"]
[Black "Bohman Karlholm, Adrian"]
[Result "1/2-1/2"]
[TimeControl "25 min + 10 sec/move"]
[WhiteElo "2118"]
[BlackElo "2102"]

1. Nf3 d5 2. c4 e6 3. g3 Nf6 4. Bg2 c5 5. cxd5 exd5 6. d4 Nc6 7. O-O c4 8. Ne5 Bd6 9. Nxc6 bxc6 10.
b3 cxb3 11. axb3 O-O 12. Bg5 h6 13. Bxf6 Qxf6 14. e3 a5 15. Qc2 Ba6 16. Rc1 Bb4 17. Nc3 Rfb8 18. Na4 Bb5 19. Nc5 Qd6 20.
Qf5 g6 21. Qh3 Kg7 22. Qh4 Ra7 23. Qf4 Qxf4 24. gxf4 Kf8 25. h4 Ke7 26. Kh2 h5 27. Kg3 Kd6 28. Bf3 Ba6 29. Bd1 Bc8 30.
Ra2 Bf5 31. Bc2 Rg8 32. Kh2 Bc8 33. Bd3 Re8 34. Kg3 1/2-1/2

[Event "Snabbschacks-SM 2025"]
[Site "Norrköping, Sweden"]
[Date "2025.09.28"]
[Round "6.5"]
[White "Stenman, Christoffer"]
[Black "Carlsson, Ludvig"]
[Result "0-1"]
[TimeControl "25 min + 10 sec/move"]
[BlackTitle "IM"]
[WhiteElo "2004"]
[BlackElo "2389"]

1. e4 Nc6 2. Nf3 e5 3. Bc4 Nf6 4. d3 Bc5 5. c3 a6 6. O-O d6 7. Bb3 Ba7 8. Nbd2 h6 9. h3 g5 10.
Re1 g4 11. hxg4 Nxg4 12. Re2 Rg8 13. Nf1 Qf6 14. d4 exd4 15. e5 Ngxe5 16. Bg5 Rxg5 17. Nxg5 hxg5 18. cxd4 Nxd4 19. Rd2 Bg4 20.
Qc1 Ne2+ 21. Rxe2 Bxe2 22. Ne3 Nd3 23. Qxc7 Qxf2+ 24. Kh1 Qh4+ 25. Kg1 Bxe3# 0-1

[ePGN "0.1;DGT LiveChess/2.2.7"]

[Event "Snabbschacks-SM 2025"]
[Site "Norrköping, Sweden"]
[Date "2025.09.28"]
[Round "8.1"]
[White "Muntean, Victor"]
[Black "Livner, Anders"]
[Result "1-0"]
[TimeControl "25 min + 10 sec/move"]
[BlackTitle "FM"]
[WhiteElo "2151"]
[BlackElo "2292"]

1. e4 c6 2. d4 d5 3. exd5 cxd5 4. Bd3 Nf6 5. h3 Nc6 6. c3 g6 7. Nf3 Bf5 8. Be2 e6 9. O-O Bd6 10.
Re1 h6 11. Nbd2 g5 12. Ne5 Qc7 13. Bb5 Kf8 14. Bxc6 bxc6 15. f4 gxf4 16. Ndf3 Rg8 17. Kh2 Ne4 18. Bxf4 f6 19. g4 fxe5 20.
dxe5 Bc5 21. gxf5 Qg7 22. Nh4 exf5 23. Qh5 Ng3 24.
Qxh6 Qxh6 25. Bxh6+ Kf7 26. Bf4 Nh5 27. e6+ Ke8 28. Be5 Bf2 29. Nxf5 Bxe1 30. Rxe1 Rg5 31. Nd4 Rc8 32. h4 Rg6 33. Nf5 Ra8 34.
e7 Kd7 35. Bd4 Nf4 36. Ng7 Ne6 37. e8=Q+ Rxe8 38. Nxe8 Kxe8 39. Bxa7 Kd7 40. Be3 c5 41. h5 Rg4 42. Kh3 Re4 43. Bd2 Nf4+ 44. Kg4 Ne2+ 45.
Kf3 1-0